 Seeded DCSS version 0.30-a0-857-gcaf70739d4 (webtiles) character file.

Game seed: 18242870539230726858 (custom seed)

5856 bmack86 the Cleaver (level 10, -3/89 HPs)
             Began as a Minotaur Fighter on Mar 6, 2023.
             Was an Elder of Okawaru.
             Killed from afar by an electric eel (12 damage)
             ... with a bolt of electricity
             ... on level 8 of the Dungeon.
             The game lasted 00:22:39 (7075 turns).

bmack86 the Cleaver (Minotaur Fighter)              Turns: 7075, Time: 00:22:39

Health: -3/89      AC: 19    Str: 26    XL:     10   Next: 52%
Magic:  12/12      EV:  8    Int:  5    God:    Okawaru [****..]
Gold:   270        SH:  5    Dex:  9    Spells: 9/9 levels left

rFire   . . .      SeeInvis .    a - +0 war axe
rCold   . . .      Faith    .    c - +0 buckler
rNeg    . . .      Spirit   .    D - +2 chain mail {Will+}
rPois   +          Reflect  .    d - +1 hat of Hiderim {Will+}
rElec   .          Rampage  .    H - +1 cloak
rCorr   .                        (no gloves)
Will    ++...                    k - +2 pair of boots {Fly} Stlth
                                 p - amulet of regeneration
HPRegen 1.14/turn                j - ring of poison resistance
MPRegen 0.13/turn                (no ring)

@: flying, studying Shields
A: horns 2, retaliatory headbutt
a: Renounce Religion, Heroism, Finesse


You were on level 8 of the Dungeon.
You worshipped Okawaru.
Okawaru was greatly pleased with you.
You visited 1 branch of the dungeon, and saw 8 of its levels.
You also visited: Bailey.

You collected 597 gold pieces.
You spent 327 gold pieces at shops.

Inventory:

Hand Weapons
 a - a +0 war axe (weapon)
Missiles
 b - 3 javelins
 v - 23 boomerangs (quivered)
Armour
 c - a +0 buckler (worn)
 d - the +1 hat of Hiderim (worn) {Will+}
   (You acquired it in a bailey)

   Will:      It increases your willpower.
 k - a +2 pair of boots of flying (worn)
 s - a +0 plate armour
 D - a +2 chain mail of willpower (worn)
 H - a +1 cloak (worn)
Jewellery
 j - a ring of poison resistance (left hand)
 p - an amulet of regeneration (around neck)
 y - a ring of flight
 E - the ring "Iwkotwom" {rElec MP+9 Str+2 Dex+4 Slay+3}
   (You acquired it on level 1 of the Dungeon)

   [ring of magical power]

   Str:       It affects your strength (+2).
   Dex:       It affects your dexterity (+4).
   Slay:      It affects your accuracy & damage with ranged weapons and melee
   (+3).
   rElec:     It insulates you from electricity.
   MP:        It affects your magic capacity (+9).
Scrolls
 f - a scroll of fear
 h - 3 scrolls of vulnerability
 m - 5 scrolls of enchant weapon
 o - 3 scrolls of teleportation
 t - a scroll of immolation
 w - a scroll of poison
 x - 3 scrolls of blinking
 B - 2 scrolls of noise
 I - 2 scrolls of butterflies
Potions
 e - 2 potions of attraction
 g - 3 potions of mutation
 l - a potion of degeneration
 z - a potion of magic
 A - 3 potions of curing
 C - 2 potions of lignification
 J - 2 potions of heal wounds
 K - a potion of resistance


   Skills:
 + Level 8.3 Fighting
 * Level 10.7 Axes
 + Level 5.2 Throwing
 + Level 8.4 Armour
 + Level 8.9 Shields
 + Level 5.1 Invocations


You had 9 spell levels left.
You didn't know any spells.
Your spell library contained the following spells:

 Spells                   Type           Power      Damage    Failure   Level
 Kiss of Death            Conj/Necr      0%         2d5       98%         1
 Magic Dart               Conj           0%         1d3       98%         1
 Lesser Beckoning         Tloc           0%         N/A       99%         2
 Confusing Touch          Hex            0%         N/A       100%        3
 Gell's Gravitas          Tloc           0%         N/A       100%        3
 Mephitic Cloud           Conj/Pois/Air  0%         N/A       100%        3
 Teleport Other           Tloc           0%         N/A       100%        3
 Dispel Undead            Necr           0%         3d6       100%        4
 Call Imp                 Summ           Unusable   N/A       N/A         2

Dungeon Overview and Level Annotations

Branches:
Dungeon (8/15)             Temple (0/1) D:6          Bailey (visited)
   Lair: D:8-11

Altars:
Cheibriados
Gozag
Okawaru
Ru
Wu Jian

Shops:
D:1 ((*[*   D:2 *   D:6 *


Innate Abilities, Weirdness & Mutations

You have a pair of horns on your head.
You reflexively headbutt those who attack you in melee.


Message History

The electric eel shoots out a bolt of lightning at you!
The bolt of electricity hits you! x2
The bolt of electricity hits the electric eel.
The electric eel completely resists.
You closely miss the electric eel.
The electric eel shoots out a bolt of lightning at you!
The bolt of electricity hits you. The bolt of electricity hits you!
The bolt of electricity misses the electric eel.
You miss the electric eel. You miss the electric eel.
Your headbutt misses the electric eel.
The electric eel shoots out a bolt of lightning at you!
The bolt of electricity hits you. x2
The bolt of electricity hits the electric eel.
The electric eel completely resists.
You miss the electric eel. You closely miss the electric eel.
The electric eel shoots out a bolt of lightning at you!
The bolt of electricity misses you. The bolt of electricity hits you!
* * * LOW HITPOINT WARNING * * *
The bolt of electricity hits the electric eel.
The electric eel completely resists.
You closely miss the electric eel. You completely miss the electric eel.
Your headbutt misses the electric eel. You slash the electric eel!
The electric eel is heavily wounded.
The electric eel shoots out a bolt of lightning at you!
The bolt of electricity hits you.
* * * LOW HITPOINT WARNING * * *
The bolt of electricity hits you!
* * * LOW HITPOINT WARNING * * *
The bolt of electricity hits the electric eel.
The electric eel completely resists.
You slice the electric eel!!
You kill the electric eel!
Okawaru accepts your kill.
An electric eel comes into view.
The electric eel shoots out a bolt of lightning at you!
The bolt of electricity hits the plant.
The plant begins to die.
The bolt of electricity hits you!
You die...

#.## #.# #†# #.. #.# ##.
#.# #.. #.# ##. #.# ## #.#
********* # #.###
*~**~**~* ***
#~@~♣***~~~~~****~*
*♣♣♣~♣~~~~~~~~~*~**~
*****~~*P~~~~~~~~~~~~~~*
*~~~~~~~S~P~≈~~~~~*~~~~~
***~~~~~~*~≈≈≈≈≈≈~~~~~~~P~
*~*~~~~~~~≈≈≈≈≈≈≈~~~~~~~~*
*~~~*~~~~~≈≈≈≈≈≈≈~~~~~~~~~
*~*~~~~~~~≈≈≈≈≈≈≈~~~~~~*~~
**~~~~~~~~~~~~~~~~~~~~~~~~


You could see an electric eel.

Vanquished Creatures
  An orc warlord (Bailey)
  The ghost of bande the Chopper, a novice GrFi of Okawaru (D:7)
  2 orc knights (Bailey)
  Sigmund (D:2)
  6 yaks (D:8)
  A steam dragon (D:7)
  A water moccasin (D:5)
  3 orc warriors (Bailey)
  4 black bears
  An ogre (D:4)
  A sky beast (D:7)
  A centaur (D:6)
  3 phantoms
  A kobold brigand (D:7)
  A bullfrog (D:7)
  A scorpion (D:4)
  5 killer bees (D:7)
  An electric eel (D:8)
  3 hounds
  A jelly (D:7)
  A gnoll bouda (D:7)
  2 orc priests (D:7)
  5 iguanas
  A sleepcap (D:5)
  6 orc wizards
  14 gnolls
  8 adders
  A shadow imp (D:6)
  A white imp (D:6)
  An ufetubus (D:6)
  A worm (D:2)
  2 dart slugs
  18 orcs
  7 ball pythons
  6 endoplasms
  7 giant cockroaches
  19 goblins
  6 hobgoblins
  3 quokkas
  9 bats
  15 frilled lizards
  27 kobolds
  6 rats
205 creatures vanquished.

Vanquished Creatures (others)
  8 plants
8 creatures vanquished.

Grand Total: 213 creatures vanquished

Notes
Turn   | Place    | Note
-------+----------+-------------------------------------------
     0 | D:1      | bmack86 the Minotaur Fighter began the quest for the Orb.
     0 | D:1      | Reached XP level 1. HP: 19/19 MP: 0/0
   269 | D:1      | Reached XP level 2. HP: 26/27 MP: 1/1
   270 | D:1      | Found Iczoal's Antique Armour Shop.
   345 | D:1      | Found Mazynewu's Weapon Shoppe.
   397 | D:1      | Found Mapt's Weapon Shop.
   404 | D:1      | Reached skill level 3 in Axes
   450 | D:1      | Found Ridunu's General Store.
   467 | D:1      | Bought a scroll of identify for 20 gold pieces
   572 | D:1      | Found Gaux's General Store.
   906 | D:2      | Reached XP level 3. HP: 33/33 MP: 2/2
  1010 | D:2      | Noticed Sigmund
  1038 | D:2      | Killed Sigmund
  1039 | D:2      | Reached skill level 4 in Axes
  1039 | D:2      | Reached XP level 4. HP: 14/41 MP: 3/3
  1039 | D:2      | Reached XP level 5. HP: 16/47 MP: 4/4
  1373 | D:2      | Identified the +0 leather armour of Xuytoo {rF++ rN+}
  1486 | D:2      | Reached skill level 5 in Axes
  1649 | D:2      | Found Qerurash's Assorted Antiques.
  1658 | D:2      | Bought a thin malachite amulet for 125 gold pieces
  1860 | D:2      | Reached XP level 6. HP: 55/55 MP: 5/5
  1941 | D:3      | Reached skill level 5 in Fighting
  1941 | D:3      | Reached skill level 5 in Armour
  1941 | D:3      | Reached skill level 5 in Shields
  3015 | D:4      | Found a sacrificial altar of Ru.
  3015 | D:4      | Found an iron altar of Okawaru.
  3023 | D:4      | Became a worshipper of Warmaster Okawaru
  3047 | D:4      | Reached skill level 6 in Axes
  3047 | D:4      | Reached skill level 1 in Throwing
  3047 | D:4      | Reached XP level 7. HP: 34/61 MP: 6/6
  3155 | D:4      | Found an opulent altar of Gozag.
  3382 | D:5      | Entered Level 5 of the Dungeon
  3487 | D:5      | Reached * piety under Okawaru
  3492 | D:5      | Reached skill level 1 in Invocations
  3656 | D:5      | Identified the +0 quarterstaff "Mujap" {heavy, Will+}
  3730 | D:5      | Reached XP level 8. HP: 70/70 MP: 8/8
  3737 | D:5      | Reached skill level 7 in Axes
  3801 | D:5      | Reached ** piety under Okawaru
  4269 | D:6      | Found Yffurim's Assorted Antiques.
  4272 | D:6      | Bought a scroll labelled QINEB HARRUKU for 29 gold pieces
  4272 | D:6      | Bought a scroll labelled VENOUL ITESEAMO for 29 gold pieces
  4272 | D:6      | Bought a scroll labelled ZUSI RYIMEBAANG for 29 gold pieces
  4373 | D:1      | Bought a scroll of enchant weapon for 75 gold pieces
  4373 | D:1      | Bought a scroll of identify for 20 gold pieces
  4373 | D:1      | Identified a scroll of acquirement
  4374 | D:1      | Acquired the ring "Iwkotwom" {rElec MP+9 Str+2 Dex+4
                  | Slay+3}
  4532 | D:6      | Found a snail-covered altar of Cheibriados.
  4558 | D:6      | Found an ornate altar of the Wu Jian Council.
  4658 | D:6      | Found a staircase to the Ecumenical Temple.
  5216 | D:7      | Found a flagged portal.
  5228 | Bailey   | Entered a bailey
  5251 | Bailey   | Noticed an orc warlord
  5261 | Bailey   | Reached skill level 8 in Axes
  5309 | Bailey   | Noticed an orc knight
  5337 | Bailey   | Killed an orc knight
  5338 | Bailey   | Reached XP level 9. HP: 20/78 MP: 10/10
  5447 | Bailey   | Noticed an orc knight
  5477 | Bailey   | Killed an orc knight
  5477 | Bailey   | Reached *** piety under Okawaru
  5478 | Bailey   | Reached skill level 9 in Axes
  5502 | Bailey   | Found a runed translucent gate.
  5505 | Bailey   | Found a runed translucent gate.
  5508 | Bailey   | Found a runed translucent gate.
  5623 | Bailey   | Killed an orc warlord
  5646 | Bailey   | Acquired the +1 hat of Hiderim {Will+}
  5808 | D:7      | Found a runed translucent door.
  5937 | D:7      | Acquired a manual of Shields
  6059 | D:7      | Reached XP level 10. HP: 72/88 MP: 12/12
  6103 | D:7      | Reached skill level 10 in Axes
  6131 | D:7      | Reached **** piety under Okawaru
  6221 | D:7      | Received a gift from Okawaru
  6934 | D:7      | Noticed bande's ghost (novice GrFi)
  6945 | D:7      | Killed bande's ghost
  6946 | D:7      | Reached skill level 5 in Throwing
  7039 | D:8      | Reached skill level 5 in Invocations
  7075 | D:8      | Killed from afar by an electric eel

Illustrated notes

Levels and vault maps discovered:
D:1:      dpeg_arrival_stone_temple_mockup, layout_basic, serial_shops, shop,
          shop_statue, shop_statue, nicolae_shop_advertising_works
          [nicolae_subvault_shop_adworks], nicolae_shop_bloodbath_and_beyond,
          minmay_lizard_king
D:2:      layout_loops_ring, serial_shops, nicolae_lakefront_shop,
          minmay_pentomino_pile, uniq_sigmund
D:3:      layout_loops_ring
D:4:      layout_cave_pods, grunt_gozag_statues,
          mainiacjoe_overflow_divided_tiny
D:5:      minmay_angry_zag, layout_gridville
D:6:      layout_basic, mainiacjoe_overflow_two_lobes,
          minmay_temple_entry_slanted, serial_shops, nicolae_stop_n_shop_2,
          hangedman_decor_growths
D:7:      layout_layer_cave, enter_bailey_3, ebering_ghost_reflecting_pool
D:8:      layout_loops_cross, ebering_ghost_inner_flame, serial_bayou_lake_a,
          uniq_pikel, uniq_maurice

Skill      XL: |  1  2  3  4  5  6  7  8  9 10 |
---------------+-------------------------------+-----
Axes           | 3 4 5 6 8 9 10 | 10.7
Shields        | 4 5 6 7 8 |  8.9
Fighting       | 4 5 6 7 8 |  8.3
Armour         | 4 5 6 7 8 |  8.4
Throwing       | 1 2 3 4 5 |  5.2
Invocations    | 1 3 4 5 |  5.1

Action                     |  1- 3 |  4- 6 |  7- 9 | 10-12 || total
---------------------------+-------+-------+-------+-------++-------
  Melee: War axe           |    68 |   143 |   245 |    99 ||   555
         Headbutt          |     5 |    25 |    42 |    15 ||    87
  Throw: Boomerang         |       |     4 |       |       ||     4
 Invoke: Heroism           |       |       |     3 |     1 ||     4
    Use: Scroll            |       |       |    24 |     1 ||    25
         Potion            |       |       |     3 |       ||     3
 Armour: Scale mail        |    54 |    23 |       |       ||    77
         Plate armour      |       |    62 |    92 |       ||   154
         Chain mail        |       |       |   125 |    77 ||   202
  Dodge: Dodged            |    51 |    47 |    86 |    43 ||   227
  Block: Buckler           |    12 |    33 |    58 |    27 ||   130

Table legend: (Time is in decaauts)
 A = Elapsed time spent in this place.
 B = Non-inter-level travel time spent in this place.
 C = Inter-level travel time spent in this place.
 D = Time resting spent in this place.
 E = Time spent auto-exploring this place.
 F = Levels seen in this place.
 G = Mean time per level.
                   A        B        C        D        E       F      G
               +--------+--------+--------+--------+--------+-----+--------+
         Total |   7144 |   6767 |    377 |      0 |   4690 |   9 |  793.8 |
       Dungeon |   6707 |   6330 |    377 |      0 |   4660 |   8 |  838.4 |
        Bailey |    436 |    436 |      0 |      0 |     30 |   1 |  436.0 |
               +--------+--------+--------+--------+--------+-----+--------+

Top non-repeatable levels by time:
     D:7: 1328 daAuts
     D:1: 1009 daAuts
     D:2: 1003 daAuts
     D:5: 935 daAuts
     D:4: 928 daAuts
     D:6: 713 daAuts
     D:3: 680 daAuts
  Bailey: 436 daAuts
     D:8: 110 daAuts
